 Dungeon Crawl Stone Soup version 0.30-a0-702-gdf48620a09 (webtiles) character file.

Game seed: 7140886505278741104

132 wormed the Firebug (level 4, -2/32 HPs)
             Began as a Demonspawn Fire Elementalist on Jan 21, 2023.
             Slain by a gnoll
             ... wielding a +0 halberd
              (12 damage)
             ... on level 3 of the Dungeon.
             The game lasted 00:02:54 (2266 turns).

wormed the Firebug (Demonspawn Fire Elementalist)   Turns: 2266, Time: 00:02:54

Health: -2/32      AC:  5    Str:  8    XL:     4   Next: 92%
Magic:  1/8        EV: 12    Int: 18    God:
Gold:   66         SH:  0    Dex: 14    Spells: 2/8 levels left

rFire   . . .      SeeInvis .    k - +0 short sword
rCold   . . .      Faith    .    (no shield)
rNeg    . . .      Spirit   .    f - +0 leather armour
rPois   .          Reflect  .    p - +0 helmet
rElec   .          Harm     .    (no cloak)
rCorr   .          Rampage  .    (no gloves)
Will    .....                    q - +0 pair of boots
Stlth   ++                       (no amulet)
HPRegen 0.25/turn                (no ring)
MPRegen 0.11/turn                (no ring)

@: no status effects
A: demonic touch 1
a: no special abilities


You were on level 3 of the Dungeon.
You visited 1 branch of the dungeon, and saw 3 of its levels.

You collected 66 gold pieces.

Inventory:

Hand Weapons
 k - a +0 short sword (weapon)
Armour
 f - a +0 leather armour (worn)
 p - a +0 helmet (worn)
 q - a +0 pair of boots (worn)
Scrolls
 a - a scroll of butterflies {unknown}
 c - a scroll of vulnerability {unknown}
 e - a scroll of acquirement {unknown}
 g - 2 scrolls of blinking {unknown}
 h - a scroll of poison {unknown}
 j - 2 scrolls of identify {unknown}
 n - 2 scrolls of teleportation {unknown}
 o - a scroll of brand weapon {unknown}
Potions
 b - 2 potions of magic
 d - 2 potions of flight {unknown}
 i - a potion of cancellation {unknown}
 l - a potion of curing {unknown}
 m - a potion of ambrosia {unknown}
 r - a potion of haste {unknown}


   Skills:
 + Level 1.4 Fighting
 + Level 2.5 Dodging
 + Level 2.5 Stealth
 + Level 2.6 Spellcasting
 + Level 2.1 Conjurations
 + Level 3.1 Fire Magic


You had 2 spell levels left.
You knew the following spells:

 Your Spells              Type           Power      Damage    Failure   Level
a - Foxfire               Conj/Fire      44%        2x1d6     9%          1
b - Scorch                Fire           26%        2d6       10%         2
c - Inner Flame           Hex/Fire       8%         N/A       36%         3

Your spell library contained the following spells:

 Spells                   Type           Power      Damage    Failure   Level
 Momentum Strike          Conj/Tloc      12%        3d8       24%         2
 Blink                    Tloc           4%         N/A       36%         2
 Lesser Beckoning         Tloc           4%         N/A       36%         2
 Kindle Blastsparks       Fire/Tloc/Air  12%        2d11      43%         3
 Call Canine Familiar     Summ           2%         N/A       58%         3
 Ozocubu's Armour         Ice            2%         N/A       58%         3
 Portal Projectile        Hex/Tloc       4%         N/A       58%         3
 Flame Wave               Conj/Fire      11%        2d6       63%         4
 Leda's Liquefaction      Hex/Erth       1%         N/A       94%         4
 Metabolic Englaciation   Hex/Ice        1%         N/A       100%        5
 Simulacrum               Ice/Necr       1%         N/A       100%        6


Dungeon Overview and Level Annotations

Branches:
Dungeon (3/15)

Altars:


Innate Abilities, Weirdness & Mutations

Your touch may inflict minor irresistible damage on your foes.


Message History

The gnoll shouts!
The goblin hits you with a +0 dagger. The hobgoblin closely misses you.
The gnoll hits you with a +0 war axe.
The gnoll hits your foxfire with a +0 war axe.
Casting: Foxfire (safe; 9% risk of failure)
Confirm with . or Enter, or press ? or * to list all spells.
You conjure some foxfire!
The foxfire hits the gnoll.
The gnoll is moderately wounded.
The foxfire hits the gnoll.
The gnoll is severely wounded.
The goblin hits you but does no damage. The hobgoblin closely misses you.
The gnoll closely misses you.
Casting: Foxfire (safe; 9% risk of failure)
Confirm with . or Enter, or press ? or * to list all spells.
You conjure some foxfire!
The foxfire hits the hobgoblin but does no damage.
The goblin hits you with a +0 dagger.
The hobgoblin hits you but does no damage.
The gnoll misses you.
The gnoll hits your foxfire with a +0 war axe!
The gnoll hits you but does no damage.
Casting: Foxfire (safe; 9% risk of failure)
Confirm with . or Enter, or press ? or * to list all spells.
Flames lash the gnoll but do no damage.
The foxfire hits the gnoll but does no damage.
The gnoll is severely wounded.
The foxfire hits the gnoll.
You kill the gnoll!
The goblin hits you but does no damage.
The gnoll hits you from afar with a +0 halberd.
The hobgoblin closely misses you.
The gnoll hits you from afar with a +0 spear.
Casting: Scorch (safe; 10% risk of failure)
Confirm with . or Enter, or press ? or * to list all spells.
Flames lash the gnoll.
The gnoll is lightly wounded.
The gnoll's fire resistance burns away.
The goblin closely misses you. The hobgoblin closely misses you.
The gnoll closely misses you.
The gnoll hits you from afar with a +0 halberd!
You die...

#.....)#
#......'
#......#
#......#
#......#
#...gg.#
#...gg)#
#....@.#
######ยง#
#....# #.####
โ‰ˆ. #.####
....###....#
โ‰ˆ.......##.#
โ‰ˆ.#####'##.#
#..<)..#.#


You could see 2 gnolls, a hobgoblin and a goblin.

Vanquished Creatures
  Jessica (D:2)
  Terence (D:2)
  A gnoll (D:3)
  3 adders (D:2)
  2 worms (D:2)
  4 ball pythons
  A bat (D:2)
  4 endoplasms
  3 giant cockroaches
  A goblin (D:2)
  5 hobgoblins
  2 jackals (D:2)
  4 kobolds
  A quokka (D:2)
  A frilled lizard (D:2)
  3 rats
37 creatures vanquished.

Vanquished Creatures (others)
  59 foxfires
59 creatures vanquished.

Grand Total: 96 creatures vanquished

Notes
Turn   | Place    | Note
-------+----------+-------------------------------------------
     0 | D:1      | wormed the Demonspawn Fire Elementalist began the quest for
                  | the Orb.
     0 | D:1      | Reached XP level 1. HP: 13/13 MP: 3/3
   379 | D:1      | Gained mutation: Your touch may inflict minor irresistible
                  | damage on your foes. [demonic ancestry]
   379 | D:1      | Reached XP level 2. HP: 20/20 MP: 1/5
  1044 | D:2      | Noticed Terence
  1057 | D:2      | Killed Terence
  1058 | D:2      | Reached skill level 1 in Fighting
  1058 | D:2      | Reached XP level 3. HP: 11/26 MP: 1/6
  1061 | D:2      | Learned a level 2 spell: Scorch
  1065 | D:2      | Learned a level 3 spell: Inner Flame
  1138 | D:2      | Noticed Jessica
  1142 | D:2      | Killed Jessica
  1143 | D:2      | Reached skill level 3 in Fire Magic
  1143 | D:2      | Reached XP level 4. HP: 32/32 MP: 2/7
  2266 | D:3      | Slain by a gnoll

Illustrated notes

Levels and vault maps discovered:
D:1:      co_arrival_square_in_a_square_in_a_square, layout_basic
D:2:      layout_basic, chequers_jeans, uniq_jessica, uniq_terence
D:3:      layout_basic, nicolae_dithmenos_shadow_blocks,
          nicolae_gozag_zags_fifth_avenue, serial_shops,
          nicolae_shop_behind_doors

Skill      XL: |  1  2  3  4 |
---------------+-------------+-----
Stealth        | 2 |  2.5
Dodging        | 2 |  2.5
Fighting       | 1 |  1.4
Fire Magic     | 3 |  3.1
Conjurations   | 2 |  2.1
Spellcasting   | |  2.6

Action                   |  1- 3 |  4- 6 || total
-------------------------+-------+-------++-------
Melee: Short sword       |    11 |    12 ||    23
       Touch             |     6 |     1 ||     7
       Unarmed           |     4 |       ||     4
 Cast: Foxfire           |    23 |    12 ||    35
       Scorch            |     1 |    19 ||    20
 Stab: Sleeping          |       |     1 ||     1
Armor: Leather armour    |     1 |     8 ||     9
Dodge: Dodged            |     4 |    21 ||    25

Table legend: (Time is in decaauts)
 A = Elapsed time spent in this place.
 B = Non-inter-level travel time spent in this place.
 C = Inter-level travel time spent in this place.
 D = Time resting spent in this place.
 E = Time spent auto-exploring this place.
 F = Levels seen in this place.
 G = Mean time per level.
                   A        B        C        D        E       F      G
               +--------+--------+--------+--------+--------+-----+--------+
         Total |   2266 |   2154 |    112 |      0 |   1846 |   3 |  755.3 |
       Dungeon |   2266 |   2154 |    112 |      0 |   1846 |   3 |  755.3 |
               +--------+--------+--------+--------+--------+-----+--------+

Top non-repeatable levels by time:
     D:2: 1445 daAuts
     D:1: 726 daAuts
     D:3: 93 daAuts
